 Dungeon Crawl Stone Soup version 0.27-a0-695-gb4952372f7 (webtiles) character file.

Game seed: 17200581097956843110

10 leviel the Skirmisher (level 2, 0/19 HPs)
             Began as a Gargoyle Monk on Mar 22, 2021.
             Slain by a hobgoblin (3 damage)
             ... on level 1 of the Dungeon.
             The game lasted 00:01:02 (740 turns).

leviel the Skirmisher (Gargoyle Monk)                Turns: 740, Time: 00:01:02

Health: 0/19       AC:  4    Str: 14    XL:     2   Next: 20%
Magic:  2/2        EV: 12    Int: 10    God:
Gold:   20         SH:  0    Dex: 12    Spells: 1/1 levels left

rFire    . . .     SeeInvis .   a - +0 mace
rCold    . . .     Faith    .   (no shield)
rNeg     + . .     Spirit   .   b - +0 robe
rPois    ∞         Reflect  .   (no helmet)
rElec    +         Harm     .   (no cloak)
rCorr    .         Rampage  .   (no gloves)
Will     .....                  (no boots)
Stlth    +.........             (no amulet)
HPRegen  0.06/turn              (no ring)
MPRegen  0.08/turn              (no ring)

@: very slow
A: AC +2, negative energy resistance 1, electricity resistance, torment
resistance 1, unbreathing 1, petrification resistance
a: no special abilities


You were on level 1 of the Dungeon.
You visited 1 branch of the dungeon, and saw 1 of its levels.

You collected 20 gold pieces.

Inventory:

Hand Weapons
 a - a +0 mace (weapon)
Missiles
 c - 5 boomerangs (quivered)
Armour
 b - a +0 robe (worn)
Potions
 d - a potion of cancellation {unknown}


   Skills:
 * Level 3.5 Fighting
 * Level 3.2 Maces & Flails
 + Level 2.5 Dodging
 + Level 2.2 Stealth


You had one spell level left.
You didn't know any spells.
Your spell library was empty.

Dungeon Overview and Level Annotations

Branches:
Dungeon (1/15)

Altars:


Innate Abilities, Weirdness & Mutations

Your stone body is resilient. (AC +2)
You are immune to poison.
You resist negative energy. (rN+)
You are resistant to electric shocks. (rElec)
You are resistant to unholy torment.
You can survive without breathing.
You are immune to petrification.


Message History

The frilled lizard hisses angrily.
The quokka barely misses you.
The hobgoblin hits you but does no damage.
The quokka bites you but does no damage.
The frilled lizard bites you but does no damage.
The hobgoblin barely misses you.
Your unstable footing causes you to fumble your attack.
The quokka bites you but does no damage.
The frilled lizard bites you.
* * * LOW HITPOINT WARNING * * *
The hobgoblin barely misses you.
Your unstable footing causes you to fumble your attack.
The quokka bites you.
* * * LOW HITPOINT WARNING * * *
The frilled lizard bites you but does no damage.
The hobgoblin barely misses you. The quokka barely misses you.
You hit the hobgoblin.
The hobgoblin is heavily wounded.
The frilled lizard closely misses you. The quokka bites you.
* * * LOW HITPOINT WARNING * * *
The hobgoblin misses you.
Your unstable footing causes you to fumble your attack.
The quokka bites you but does no damage.
The frilled lizard barely misses you. The hobgoblin hits you.
* * * LOW HITPOINT WARNING * * *
The quokka barely misses you. The frilled lizard misses you.
The hobgoblin barely misses you.
You hit the hobgoblin.
The hobgoblin is almost dead.
The quokka barely misses you.
The frilled lizard bites you but does no damage.
The hobgoblin misses you.
You barely miss the hobgoblin.
The hobgoblin is almost dead.
The quokka misses you. The frilled lizard barely misses you.
The hobgoblin barely misses you. The quokka closely misses you.
Your unstable footing causes you to fumble your attack.
The frilled lizard bites you but does no damage.
The quokka completely misses you. The hobgoblin hits you.
You die...

........## ##..###.# ...
....# #.####..## .≈
#...# #......#.. ≈≈# .
....# #..###.#.⌠ ≈≈# ⌠.
#.#.###..##..#.. #≈≈#...
#.............###≈≈≈≈###
.^.............r≈≈≈≈≈≈..
#.........##..lg@l≈≈≈≈..
#######...##.)###≈≈≈≈###
#.##.#.#...#≈≈#...
#.###..#.⌠.#≈≈# . ..#
##.#...# ≈# ####
#..###K(.≈ #.... .....
###### ..... ##


You could see a quokka, a hobgoblin and 2 frilled lizards.

Vanquished Creatures
  2 dart slugs (D:1)
  A goblin (D:1)
  A hobgoblin (D:1)
  2 kobolds (D:1)
6 creatures vanquished.

Notes
Turn   | Place    | Note
-------+----------+-------------------------------------------
     0 | D:1      | leviel the Gargoyle Monk began the quest for the Orb.
     0 | D:1      | Reached XP level 1. HP: 14/14 MP: 1/1
   722 | D:1      | Reached XP level 2. HP: 19/19 MP: 2/2
   740 | D:1      | Slain by a hobgoblin

Illustrated notes

Levels and vault maps discovered:
D:1:      dpeg_arrival_ternary, layout_loops_ring, fountainhead

Action                   || total
-------------------------++-------
Melee: Mace              ||    25
Throw: Boomerang         ||     6
Armor: Robe              ||    14
Dodge: Dodged            ||    31

Table legend: (Time is in decaauts)
 A = Elapsed time spent in this place.
 B = Non-inter-level travel time spent in this place.
 C = Inter-level travel time spent in this place.
 D = Time resting spent in this place.
 E = Time spent auto-exploring this place.
 F = Levels seen in this place.
 G = Mean time per level.
                   A        B        C        D        E       F      G
               +--------+--------+--------+--------+--------+-----+--------+
         Total |    748 |    748 |      0 |    349 |    282 |   1 |  748.0 |
       Dungeon |    748 |    748 |      0 |    349 |    282 |   1 |  748.0 |
               +--------+--------+--------+--------+--------+-----+--------+

Top non-repeatable levels by time:
     D:1: 748 daAuts
